TOP OF THE 1ST |
Medicine Hat Blue Jays batting - Pitching for Williston Water Wolves : LHP Neil Bryant
|
Pitching: LHP Neil Bryant
|
|
Batting: LHB Jeffrey Wilson
|
0-0: Ball 1-0: Ball 2-0: Foul Ball, location: 2F 2-1: Foul Ball, location: 2F 2-2: Foul Ball, location: 2F 2-2: Foul Ball, location: 2F 2-2: Ground out 5-3 (Groundball, 56, EV 103.8 MPH)
|
Batting: RHB Burt Milley
|
0-0: Called Strike 0-1: Fly out, F8 (Flyball, 8LM, EV 91.9 MPH)
|
Batting: RHB Greg Legg
|
0-0: Ball 1-0: Ball 2-0: Called Strike 2-1: Called Strike 2-2: Ball 3-2: Foul Ball, location: 2F 3-2: Base on Balls
|
Batting: LHB Tom Reynolds
|
0-0: DOUBLE (Line Drive, 89D, EV 101.9 MPH) Greg Legg to third Runner from 3rd tries for Home, SAFE, throw by CF to trailing runner, SAFE at third!
|
Batting: LHB Alberto Chino
|
0-0: Ball 1-0: Called Strike 1-1: Ball 2-1: SINGLE (Line Drive, 89M, EV 106.3 MPH) Tom Reynolds scores
|
Batting: SHB Cordie Dillard
|
0-0: Called Strike 0-1: Foul Ball, location: 2F 0-2: Ball 1-2: Ball 2-2: Strikes out looking
|
Top of the 1st over - 2 runs, 2 hits, 0 errors, 1 left on base; Medicine Hat 2 - Williston 0 |
BOTTOM OF THE 1ST |
Williston Water Wolves batting - Pitching for Medicine Hat Blue Jays : LHP Brent Milligan
|
Pitching: LHP Brent Milligan
|
|
Batting: RHB Gil Marquez
|
0-0: Ball 1-0: Fly out, F8 (Flyball, 8LS, EV 81.3 MPH)
|
Batting: RHB Alexis Rendon
|
0-0: Ball 1-0: SINGLE (Groundball, 4MD, EV 97.5 MPH)
|
Batting: RHB Pat Jelks
|
0-0: Called Strike 0-1: Ball 1-1: Ball 2-1: Called Strike 2-2: Grounds into double play, 5-4-3 (Groundball, 56S, EV 86.3 MPH)
|
Bottom of the 1st over - 0 runs, 1 hit, 0 errors, 0 left on base; Medicine Hat 2 - Williston 0 |
TOP OF THE 2ND |
Medicine Hat Blue Jays batting - Pitching for Williston Water Wolves : LHP Neil Bryant
|
Batting: LHB Kevin Bates
|
0-0: Ground out 5-3 (Groundball, 56, EV 83.8 MPH)
|
Batting: SHB Manuel DelRosario
|
0-0: Ball 1-0: Called Strike 1-1: Foul Ball, location: 2F 1-2: Ball 2-2: Ball 3-2: Foul Ball, location: 2F 3-2: Ground out 6-3 (Groundball, 6, EV 87.5 MPH)
|
Batting: RHB Thomas Norko
|
0-0: Ball 1-0: Ground out 4-3 (Groundball, 34D, EV 81.3 MPH)
|
Top of the 2nd over - 0 runs, 0 hits, 0 errors, 0 left on base; Medicine Hat 2 - Williston 0 |
BOTTOM OF THE 2ND |
Williston Water Wolves batting - Pitching for Medicine Hat Blue Jays : LHP Brent Milligan
|
Batting: RHB Pat Borders
|
0-0: Ball 1-0: Ground out U3 (Groundball, 3, EV 86.3 MPH)
|
Batting: SHB Devon White
|
0-0: Ball 1-0: Called Strike 1-1: Ball 2-1: SINGLE (Groundball, 4MD, EV 104.4 MPH)
|
Batting: RHB Eric Lane
|
0-0: Ball Wild Pitch! Devon White to second 1-0: Called Strike 1-1: Ball 2-1: Ball 3-1: Base on Balls
|
Batting: RHB Nelson Santovenia
|
0-0: Foul Ball, location: 2F 0-1: Ball 1-1: Fielders Choice at 2nd, 1-6 (Groundball, 34S, EV 70.6 MPH) Devon White to third
|
Batting: LHB John Mitchell
|
0-0: Called Strike 0-1: Ball 1-1: Ball 2-1: Ball 3-1: Foul Ball, location: 2F 3-2: Foul Ball, location: 2F 3-2: Foul Ball, location: 2F 3-2: Base on Balls Nelson Santovenia to second
|
Batting: RHB Mark Kaeterle
|
0-0: Ball 1-0: Swinging Strike 1-1: Swinging Strike 1-2: Ball 2-2: Ball 3-2: SINGLE (Groundball, 6MD, EV 98.1 MPH) Devon White scores Nelson Santovenia to third John Mitchell to second Nelson Santovenia scores John Mitchell to third
|
Batting: RHB Gil Marquez
|
0-0: Foul Ball, location: 2F 0-1: Ball 1-1: SINGLE (Line Drive, 4MD, EV 100.0 MPH) John Mitchell scores Mark Kaeterle to second
|
Batting: RHB Alexis Rendon
|
0-0: Fly out, F8 (Flyball, 8LM, EV 81.9 MPH)
|
Bottom of the 2nd over - 3 runs, 3 hits, 0 errors, 2 left on base; Medicine Hat 2 - Williston 3 |
TOP OF THE 3RD |
Medicine Hat Blue Jays batting - Pitching for Williston Water Wolves : LHP Neil Bryant
|
Batting: LHB Jeffrey Wilson
|
0-0: Ball 1-0: Ball 2-0: Foul Ball, location: 2F 2-1: Fly out, F5 (Popup, 56S, EV 79.4 MPH)
|
Batting: RHB Burt Milley
|
0-0: Called Strike 0-1: Fly out, F8 (Flyball, 89S, EV 76.3 MPH)
|
Batting: RHB Greg Legg
|
0-0: Fly out, F9 (Flyball, 9LS, EV 81.9 MPH)
|
Top of the 3rd over - 0 runs, 0 hits, 0 errors, 0 left on base; Medicine Hat 2 - Williston 3 |
BOTTOM OF THE 3RD |
Williston Water Wolves batting - Pitching for Medicine Hat Blue Jays : LHP Brent Milligan
|
Batting: RHB Pat Jelks
|
0-0: Called Strike 0-1: SINGLE (Line Drive, 7S, EV 96.9 MPH)
|
Batting: RHB Pat Borders
|
0-0: Ball 1-0: Ball 2-0: Called Strike 2-1: Foul Ball, location: 2F 2-2: Strikes out looking
|
Batting: SHB Devon White
|
0-0: Ball 1-0: Called Strike 1-1: Ball 2-1: Called Strike 2-2: Foul Ball, location: 2F 2-2: Fielders Choice at 2nd, 5-4 (Groundball, 56, EV 101.3 MPH)
|
Batting: RHB Eric Lane
|
0-0: Ball 1-0: Ball 2-0: SINGLE (Flyball, 56D, EV 91.3 MPH) Devon White to second
|
Batting: RHB Nelson Santovenia
|
0-0: Ball 1-0: Swinging Strike 1-1: Called Strike 1-2: Strikes out swinging
|
Bottom of the 3rd over - 0 runs, 2 hits, 0 errors, 2 left on base; Medicine Hat 2 - Williston 3 |
TOP OF THE 4TH |
Medicine Hat Blue Jays batting - Pitching for Williston Water Wolves : LHP Neil Bryant
|
Batting: LHB Tom Reynolds
|
0-0: Called Strike 0-1: Ball 1-1: Called Strike 1-2: SINGLE (Line Drive, 7S, EV 106.9 MPH)
|
Batting: LHB Alberto Chino
|
0-0: Foul Ball, location: 2F 0-1: Ball 1-1: Fly out, F8 (Flyball, 8RD, EV 96.9 MPH)
|
Batting: SHB Cordie Dillard
|
0-0: Called Strike 0-1: Fly out, F6 (Popup, 6, EV 73.8 MPH)
|
Batting: LHB Kevin Bates
|
0-0: Called Strike 0-1: Ball 1-1: Foul Ball, location: 2F 1-2: Foul Ball, location: 2F 1-2: Foul Ball, location: 2F 1-2: Ball Wild Pitch! Tom Reynolds to second 2-2: Foul Ball, location: 2F 2-2: Ground out 6-3 (Groundball, 6, EV 96.3 MPH)
|
Top of the 4th over - 0 runs, 1 hit, 0 errors, 1 left on base; Medicine Hat 2 - Williston 3 |
BOTTOM OF THE 4TH |
Williston Water Wolves batting - Pitching for Medicine Hat Blue Jays : LHP Brent Milligan
|
Batting: LHB John Mitchell
|
0-0: Swinging Strike 0-1: Ball 1-1: Swinging Strike 1-2: Foul Ball, location: 2F 1-2: Ball 2-2: Ball 3-2: Base on Balls
|
Batting: RHB Mark Kaeterle
|
0-0: Ball 1-0: Foul Ball, location: 2F 1-1: Ball 2-1: Foul Ball, location: 2F 2-2: Grounds into double play, 5-4-3 (Groundball, 5, EV 99.4 MPH)
|
Batting: RHB Gil Marquez
|
0-0: Ball 1-0: Fly out, F8 (Flyball, 8RS, EV 86.3 MPH)
|
Bottom of the 4th over - 0 runs, 0 hits, 0 errors, 0 left on base; Medicine Hat 2 - Williston 3 |
TOP OF THE 5TH |
Medicine Hat Blue Jays batting - Pitching for Williston Water Wolves : LHP Neil Bryant
|
Batting: SHB Manuel DelRosario
|
0-0: Ball 1-0: Ball 2-0: Swinging Strike 2-1: Fly out, F3 (Popup, 3F, EV 48.1 MPH)
|
Batting: RHB Thomas Norko
|
0-0: Called Strike 0-1: Fly out, F9 (Line Drive, 9, EV 85.0 MPH)
|
Batting: LHB Jeffrey Wilson
|
0-0: Swinging Strike 0-1: Foul Ball, location: 2F 0-2: Foul Ball, location: 2F 0-2: Fly out, F9 (Flyball, 9, EV 83.8 MPH)
|
Top of the 5th over - 0 runs, 0 hits, 0 errors, 0 left on base; Medicine Hat 2 - Williston 3 |
BOTTOM OF THE 5TH |
Williston Water Wolves batting - Pitching for Medicine Hat Blue Jays : LHP Brent Milligan
|
Batting: RHB Alexis Rendon
|
0-0: Ground out U3 (Groundball, 3L, EV 82.5 MPH)
|
Batting: RHB Pat Jelks
|
0-0: Called Strike 0-1: Foul Ball, location: 2F 0-2: SINGLE (Groundball, 6S, EV 76.3 MPH) (infield hit)
|
Batting: RHB Pat Borders
|
0-0: Called Strike 0-1: Ball 1-1: Foul Ball, location: 2F 1-2: Foul Ball, location: 2F 1-2: Ball Pat Jelks steals 2nd base 2-2: Foul Ball, location: 2F 2-2: Ball 3-2: Base on Balls
|
Batting: SHB Devon White
|
0-0: Ball 1-0: Ball 2-0: Fielders Choice at 2nd, 6-4 (Groundball, 6, EV 93.8 MPH) Pat Jelks to third
|
Batting: RHB Eric Lane
|
0-0: Ball 1-0: Ball 2-0: Called Strike 2-1: Ball 3-1: Called Strike 3-2: Strikes out swinging
|
Bottom of the 5th over - 0 runs, 1 hit, 0 errors, 2 left on base; Medicine Hat 2 - Williston 3 |
TOP OF THE 6TH |
Medicine Hat Blue Jays batting - Pitching for Williston Water Wolves : LHP Neil Bryant
|
Batting: RHB Burt Milley
|
0-0: Foul Ball, location: 2F 0-1: Swinging Strike 0-2: Ball 1-2: Ball 2-2: Fly out, F8 (Flyball, 78M, EV 93.8 MPH)
|
Batting: RHB Greg Legg
|
0-0: Called Strike 0-1: Fly out, F7 (Flyball, 7S, EV 82.5 MPH)
|
Batting: LHB Tom Reynolds
|
0-0: Ball 1-0: Ball 2-0: Foul Ball, location: 2F 2-1: Ball 3-1: Called Strike 3-2: Ground out 4-3 (Groundball, 4, EV 100.6 MPH)
|
Top of the 6th over - 0 runs, 0 hits, 0 errors, 0 left on base; Medicine Hat 2 - Williston 3 |
BOTTOM OF THE 6TH |
Williston Water Wolves batting - Pitching for Medicine Hat Blue Jays : LHP Brent Milligan
|
Batting: RHB Nelson Santovenia
|
0-0: Reached on error, E6 (Groundball, 6D, EV 79.4 MPH)
|
Batting: LHB John Mitchell
|
0-0: Ball 1-0: Swinging Strike 1-1: Foul Ball, location: 2F 1-2: Strikes out swinging
|
Batting: RHB Mark Kaeterle
|
0-0: Called Strike 0-1: Ball 1-1: Ground out 6-3 (Groundball, 6S, EV 72.5 MPH) Nelson Santovenia to third
|
Batting: RHB Gil Marquez
|
0-0: SINGLE (Flyball, 7S, EV 91.3 MPH) Nelson Santovenia scores
|
Batting: RHB Alexis Rendon
|
0-0: Ball 1-0: Foul Ball, location: 2F 1-1: Fly out, F8 (Flyball, 8LS, EV 88.8 MPH)
|
Bottom of the 6th over - 1 run, 1 hit, 1 error, 1 left on base; Medicine Hat 2 - Williston 4 |
TOP OF THE 7TH |
Medicine Hat Blue Jays batting - Pitching for Williston Water Wolves : LHP Neil Bryant
|
Batting: LHB Alberto Chino
|
0-0: Ball 1-0: Foul Ball, location: 2F 1-1: Ground out U3 (Groundball, 13, EV 90.0 MPH)
|
Batting: SHB Cordie Dillard
|
0-0: Ball 1-0: Reached on error, E5 (Groundball, 5, EV 86.3 MPH)
|
Batting: LHB Kevin Bates
|
0-0: Ball 1-0: Ball 2-0: Called Strike 2-1: Foul Ball, location: 2F 2-2: Foul Ball, location: 2F 2-2: Strikes out looking
|
Batting: SHB Manuel DelRosario
|
0-0: Fly out, F8 (Flyball, 78D, EV 91.9 MPH)
|
Top of the 7th over - 0 runs, 0 hits, 1 error, 1 left on base; Medicine Hat 2 - Williston 4 |
BOTTOM OF THE 7TH |
Williston Water Wolves batting - Pitching for Medicine Hat Blue Jays : LHP Brent Milligan
|
Batting: RHB Pat Jelks
|
0-0: Ball 1-0: Fly out, F7 (Flyball, 7S, EV 88.8 MPH)
|
Batting: RHB Pat Borders
|
0-0: Foul Ball, location: 2F 0-1: SINGLE (Groundball, 34D, EV 104.4 MPH)
|
Batting: SHB Devon White
|
0-0: Ball 1-0: Fielders Choice at 2nd, 6-4 (Groundball, 6, EV 83.8 MPH)
|
Batting: RHB Eric Lane
|
0-0: Called Strike Devon White steals 2nd base 0-1: Swinging Strike 0-2: Foul Ball, location: 2F 0-2: Foul Ball, location: 2F 0-2: Foul Ball, location: 2F 0-2: SINGLE (Flyball, 89M, EV 91.3 MPH) Devon White to third Runner from 3rd tries for Home, SAFE, throw by CF to home
|
Batting: RHB Nelson Santovenia
|
0-0: Ball Wild Pitch! Eric Lane to second 1-0: SINGLE (Line Drive, 9S, EV 95.6 MPH) Eric Lane to third Runner from 3rd tries for Home, SAFE, throw by RF to home
|
Pitching: LHP Robert Allen
|
|
Batting: LHB John Mitchell
|
0-0: Ball 1-0: Foul Ball, location: 2F 1-1: Fly out, F2 (Popup, 25F, EV 91.9 MPH)
|
Bottom of the 7th over - 2 runs, 3 hits, 0 errors, 1 left on base; Medicine Hat 2 - Williston 6 |
TOP OF THE 8TH |
Medicine Hat Blue Jays batting - Pitching for Williston Water Wolves : LHP Neil Bryant
|
Batting: RHB Thomas Norko
|
0-0: Ground out 6-3 (Groundball, 6MS, EV 75.6 MPH)
|
Batting: LHB Jeffrey Wilson
|
0-0: Ball 1-0: Ground out 6-3 (Groundball, 6, EV 83.1 MPH)
|
Batting: RHB Burt Milley
|
0-0: Called Strike 0-1: Ground out 4-3 (Groundball, 4, EV 93.8 MPH)
|
Top of the 8th over - 0 runs, 0 hits, 0 errors, 0 left on base; Medicine Hat 2 - Williston 6 |
BOTTOM OF THE 8TH |
Williston Water Wolves batting - Pitching for Medicine Hat Blue Jays : LHP Robert Allen
|
Batting: RHB Mark Kaeterle
|
0-0: Ball 1-0: Fly out, F1 (Line Drive, P, EV 76.3 MPH)
|
Batting: RHB Gil Marquez
|
0-0: Called Strike 0-1: Ground out U3 (Groundball, 3L, EV 81.9 MPH)
|
Batting: RHB Alexis Rendon
|
0-0: Ball 1-0: Foul Ball, location: 2F 1-1: Fly out, F8 (Flyball, 8LD, EV 108.1 MPH)
|
Bottom of the 8th over - 0 runs, 0 hits, 0 errors, 0 left on base; Medicine Hat 2 - Williston 6 |
TOP OF THE 9TH |
Medicine Hat Blue Jays batting - Pitching for Williston Water Wolves : LHP Neil Bryant
|
Batting: RHB Greg Legg
|
0-0: Foul Ball, location: 2F 0-1: SINGLE (Groundball, 6MD, EV 94.4 MPH)
|
Batting: LHB Tom Reynolds
|
0-0: Swinging Strike 0-1: Fly out, F6 (Popup, 5D, EV 68.1 MPH)
|
Batting: LHB Alberto Chino
|
0-0: Ball 1-0: Swinging Strike 1-1: Swinging Strike 1-2: Fielders Choice at 2nd, 5-4 (Groundball, 5, EV 103.1 MPH)
|
Batting: SHB Cordie Dillard
|
0-0: Ball 1-0: Ball 2-0: Called Strike 2-1: SINGLE (Groundball, 34D, EV 95.6 MPH) Alberto Chino to second
|
Batting: LHB Kevin Bates
|
0-0: Ball 1-0: Ground out U3 (Groundball, 3S, EV 72.5 MPH)
|
Top of the 9th over - 0 runs, 2 hits, 0 errors, 2 left on base; Medicine Hat 2 - Williston 6 |
|